 Dungeon Crawl Stone Soup version 0.27.0-1-g7a089689b8 (webtiles) character file.

Game seed: 9598866491390286388

123 dolemite99 the Spear-Bearer (level 5, 0/38 HPs)
             Began as a Merfolk Gladiator on Aug 4, 2021.
             Was a Believer of Makhleb.
             Slain by Grinder (6 damage)
             ... on level 3 of the Dungeon.
             The game lasted 00:02:48 (2229 turns).

dolemite99 the Spear-Bearer (Merfolk Gladiator)     Turns: 2229, Time: 00:02:49

Health: 0/38       AC:  8    Str: 12 (14) XL:     5   Next: 7%
Magic:  5/5        EV: 12    Int:  5 (7)  God:    Makhleb [**....]
Gold:   114        SH:  0    Dex: 15 (17) Spells: 4/4 levels left

rFire    . . .     SeeInvis .   a - +0 trident
rCold    . . .     Faith    .   (no shield)
rNeg     . . .     Spirit   .   q - +0 ring mail
rPois    .         Reflect  .   c - +0 helmet
rElec    .         Harm     .   (no cloak)
rCorr    .         Rampage  .   o - +0 pair of gloves
Will     .....                  n - +0 pair of boots
Stlth    +.........             (no amulet)
HPRegen  0.12/turn              (no ring)
MPRegen  0.09/turn              (no ring)

@: flying, very slightly contaminated, invisible
A: (nimble swimmer 2), mertail
a: Renounce Religion, Minor Destruction


You were on level 3 of the Dungeon.
You worshipped Makhleb.
Makhleb was pleased with you.
You visited 1 branch of the dungeon, and saw 3 of its levels.

You collected 114 gold pieces.

Inventory:

Hand Weapons
 a - a +0 trident (weapon)
 h - a +0 hunting sling
Missiles
 i - 33 stones (quivered)
 p - 19 bolts
Armour
 b - a +0 leather armour
 c - a +0 helmet (worn)
 n - a +0 pair of boots (worn)
 o - a +0 pair of gloves (worn)
 q - a +0 ring mail (worn)
Scrolls
 f - a scroll of enchant armour {unknown}
 g - 2 scrolls of identify {unknown}
 j - 3 scrolls of fear {unknown}
 k - a scroll of teleportation {unknown}
 s - a scroll of amnesia {unknown}
Potions
 m - a potion of flight
 r - a potion of heal wounds


   Skills:
 - Level 2.1 Fighting
 + Level 8.1 Polearms
 - Level 2.0 Throwing
 - Level 4.0 Dodging


You had 4 spell levels left.
You didn't know any spells.
Your spell library contained the following spells:

 Spells                   Type           Power      Damage    Failure   Level
 Slow                     Hex            0%         N/A       88%         2
 Confusing Touch          Hex            0%         N/A       98%         3
 Yara's Violent Unravell  Hex/Tmut       0%         3d3       100%        5


Dungeon Overview and Level Annotations

Branches:
Dungeon (3/15)

Altars:
Makhleb

Annotations:
D:3 Grinder


Innate Abilities, Weirdness & Mutations

((You are quick and stealthy near water. (Stealth+, EV+, Speed+++)))
Your lower body shifts to a powerful aquatic tail in water.


Message History

Grinder hits you but does no damage.
You are very lightly contaminated with residual magic.
Reach: a) +0 trident
Press: ? - help, Dir - move target, f/p - Grinder
Aim: Grinder (heavily wounded, about 40% to evade your +0 trident)
You hit Grinder but do no damage.
Grinder is heavily wounded.
Grinder barely misses you.
Reach: a) +0 trident
Press: ? - help, Dir - move target, f/p - Grinder
Aim: Grinder (heavily wounded, about 40% to evade your +0 trident)
You hit Grinder.
Grinder is severely wounded.
Grinder hits you but does no damage.
Reach: a) +0 trident
Press: ? - help, Dir - move target, f/p - Grinder
Aim: Grinder (heavily wounded, about 40% to evade your +0 trident)
You hit Grinder but do no damage.
Grinder is heavily wounded.
A goblin comes into view. It is wielding a +0 club.
Grinder hits you but does no damage.
The goblin shouts!
You hit Grinder.
Grinder is severely wounded.
The goblin shouts!
You barely miss Grinder.
Grinder is severely wounded.
Grinder closely misses you.
You barely miss Grinder.
Grinder is severely wounded.
The goblin shouts!
Grinder gestures at you.
You barely resist. You barely miss Grinder.
Grinder is severely wounded.
Grinder hits you but does no damage.
You barely miss Grinder.
Grinder is severely wounded.
Grinder hits you.
You die...

#.. #.# #.# #.# #####
#.# ..)# #.#
#########.######$###.###
....)....†(..g..@5.....#
#########.######.###...#
#.# #.# .# #.# #.# #.#
#.# #.# #.# #.# #.# #.#
#.#


You could see Grinder and a goblin (wandering).

Vanquished Creatures
  Robin (D:3)
  4 adders (D:2)
  3 dart slugs
  2 orcs (D:3)
  3 endoplasms (D:1)
  A giant cockroach (D:2)
  5 hobgoblins
  14 jackals
  2 quokkas
  3 ball pythons
  4 bats
  2 frilled lizards (D:2)
  10 goblins
  4 kobolds
  4 rats
62 creatures vanquished.

Notes
Turn   | Place    | Note
-------+----------+-------------------------------------------
     0 | D:1      | dolemite99 the Merfolk Gladiator began the quest for the
                  | Orb.
     0 | D:1      | Reached XP level 1. HP: 16/16 MP: 1/1
   133 | D:1      | Reached skill level 5 in Polearms
   270 | D:1      | Reached XP level 2. HP: 21/22 MP: 2/2
   670 | D:1      | Reached skill level 6 in Polearms
   670 | D:1      | Reached XP level 3. HP: 20/27 MP: 3/3
   832 | D:1      | Found a faded altar of an unknown god.
   955 | D:1      | Became a worshipper of Makhleb the Destroyer
   955 | D:1      | Reached * piety under Makhleb
  1157 | D:2      | Reached skill level 7 in Polearms
  1157 | D:2      | Reached XP level 4. HP: 33/33 MP: 4/4
  2099 | D:3      | Noticed Robin
  2119 | D:3      | Reached ** piety under Makhleb
  2121 | D:3      | Killed Robin
  2122 | D:3      | Reached skill level 8 in Polearms
  2122 | D:3      | Reached XP level 5. HP: 31/38 MP: 5/5
  2173 | D:3      | Noticed Grinder
  2182 | D:3      | Paralysed by Grinder for 4 turns
  2190 | D:3      | Paralysed by Grinder for 6 turns
  2210 | D:3      | Paralysed by Grinder for 7 turns
  2229 | D:3      | Slain by Grinder

Illustrated notes

Levels and vault maps discovered:
D:1:      onia_arrival_pentagram, layout_basic,
          shapermc_ecumenical_altar_pompeii
D:2:      layout_basic, serial_aquarium, aquarium_bridge_square
          [aquarium_subvault_bridge, aquarium_subvault_balcony,
          aquarium_subvault_window, aquarium_subvault_bridge],
          aquarium_window_corridor_1, aquarium_window_1, aquarium_view_2b,
          aquarium_pool_2, minmay_ruptured
D:3:      layout_basic, uniq_robin, uniq_grinder, uniq_terence

Skill      XL: |  1  2  3  4 |
---------------+-------------+-----
Polearms       | 5 6 7 8 |  8.1
Fighting       | |  2.1
Throwing       | |  2.0
Dodging        | |  4.0

Action                   |  1- 3 |  4- 6 || total
-------------------------+-------+-------++-------
Melee: Trident           |   133 |    87 ||   220
Throw: Throwing net      |       |     4 ||     4
  Use: Potion            |       |     4 ||     4
 Stab: Sleeping          |     1 |     1 ||     2
       Held in net/web   |       |     2 ||     2
Armor: Leather armour    |    30 |     8 ||    38
       Ring mail         |       |    14 ||    14
Dodge: Dodged            |    87 |    33 ||   120
